Map: Iron Fortress LE (Void)

Players

DeMusliM

  • Race: Zerg Zerg

Wintersc2 (Winter) - Winner!

  • Race: Zerg Zerg

VOD

Have the link to the VOD?

Description

Time

  • Played on: April 8, 2015, 1:24 p.m.
  • Length: 6:55
Show
View Real Time Build Order
Export as new Build Order

DeMusliM Zerg 

Build Orders: Hatch First 

Get SALT Encoding   

  12  0:01  Drone  
  13  0:10  Drone  
  14  0:18  Overlord  
  14  0:27  Drone, Extractor x2  
  13  0:28  Drone  
  16  0:37  Drone  
  17  0:45  Drone  
  18  0:57  Hatchery  
  18  0:59  Drone  
  18  1:05  Drone  
  19  1:15  Spawning Pool  
  18  1:18  Drone  
  18  1:21  Extractor  
  18  1:29  Drone  
  19  1:39  Drone  
  20  1:49  Overlord  
  20  2:00  Drone  
  21  2:06  Extractor, Queen  
  23  2:08  Queen  
  23  2:12  Drone x2  
  23  2:15  Roach Warren  
  26  2:18  Extractor  
  26  2:20  Zergling x2  
  26  2:22  Drone  
  27  2:26  Metabolic Boost  
  27  2:33  Drone  
  27  2:34  Drone  
  29  2:43  Drone x2  
  31  2:55  Drone x2  
  33  3:03  Overlord  
  33  3:04  Roach  
  34  3:22  Drone x5  
  34  3:23  Drone  
  39  3:29  Drone x4  
  43  3:34  Overlord  
  43  3:35  Overlord  
  43  3:43  Burrow  
  43  3:44  Lair  
  43  3:54  Roach x2  
  47  4:00  Ravager  
  47  4:02  Overlord  
  48  4:05  Roach  
  48  4:06  Roach x4  
  58  4:11  Overlord  
  58  4:12  Overlord  
  58  4:30  Overlord  
  58  4:31  Roach x6  
  70  4:46  Glial Reconstitution  
  70  4:51  Overlord  
  71  4:52  Drone  
  71  4:53  Drone x3, Roach x5, Extractor  
  71  4:55  Drone  
  74  5:03  Roach x3  
  80  5:19  Roach x4  
  84  5:22  Roach x9  
  84  5:27  Roach  
  84  5:28  Zergling x12  
  92  5:29  Overlord  
  92  5:35  Hatchery  
  91  5:40  Roach x3  
  91  5:42  Roach x2  
  76  5:57  Roach  
  76  5:58  Roach x5  
  73  6:15  Roach  
  73  6:16  Roach  
  73  6:17  Roach  
  63  6:24  Roach  
  63  6:25  Roach x9  
  65  6:31  Drone x3  
Show
View Real Time Build Order
Export as new Build Order

Wintersc2 Zerg - Winner!

Build Orders: Hatch First, Ravager All-In 

Get SALT Encoding   

  12  0:01  Drone  
  13  0:17  Overlord  
  13  0:20  Drone  
  14  0:35  Drone  
  15  0:36  Drone  
  15  0:41  Drone  
  17  0:51  Drone  
  18  0:57  Hatchery  
  18  1:02  Drone  
  18  1:13  Spawning Pool  
  18  1:15  Drone  
  18  1:20  Extractor  
  18  1:22  Drone  
  18  1:35  Overlord  
  18  1:46  Drone  
  20  1:54  Drone  
  20  2:04  Queen  
  22  2:10  Zergling x4  
  22  2:14  Queen  
  26  2:20  Metabolic Boost  
  26  2:25  Drone x2  
  26  2:26  Drone  
  29  2:34  Drone  
  30  2:40  Drone  
  31  2:51  Overlord  
  31  2:53  Drone x2, Roach Warren  
  32  3:03  Drone x2  
  32  3:04  Extractor  
  31  3:21  Drone x2  
  31  3:22  Drone x4  
  31  3:24  Drone x2  
  39  3:28  Overlord  
  39  3:34  Roach x2  
  43  3:35  Overlord  
  43  3:47  Roach x2  
  47  3:56  Extractor  
  47  3:57  Ravager x2, Roach  
  47  3:58  Overlord, Roach x2  
  47  3:59  Overlord  
  47  4:01  Zergling x4  
  47  4:02  Zergling x4  
  58  4:08  Ravager  
  59  4:22  Zergling x4  
  62  4:24  Zergling x2  
  62  4:32  Roach  
  62  4:33  Ravager  
  62  4:34  Overlord x2  
  65  4:39  Roach  
  65  4:40  Roach x3  
  65  4:41  Overlord  
  65  4:44  Drone  
  74  4:49  Overlord  
  74  4:50  Overlord  
  74  4:53  Ravager  
  74  4:58  Zergling x2  
  76  5:10  Zergling x2  
  76  5:13  Zergling x2  
  78  5:15  Zergling x2  
  79  5:21  Zergling x4  
  79  5:22  Zergling x8  
  79  5:23  Zergling x2  
  79  5:24  Roach x2  
  79  5:27  Ravager  
  91  5:30  Spore Crawler  
  91  5:31  Roach x2  
  91  5:32  Spine Crawler  
  91  5:44  Roach  
  80  5:50  Roach  
  80  5:52  Zergling x2  
  80  5:54  Roach  
  80  5:56  Zergling x2  
  83  6:03  Zergling x4  
  83  6:04  Zergling x2  
  83  6:08  Ravager, Roach, Zergling x2  
  83  6:09  Ravager x4  
  82  6:12  Roach  
  82  6:14  Roach  
  83  6:22  Roach  
  83  6:23  Roach  
  81  6:26  Roach, Zergling x2  
  83  6:49  Ravager  
Tags
 
Add a new tag
Caveats
  • Supply blocks, unpowered buildings, or Contaminate may cause inaccurate times.
  • Supply counts are checked every 10 seconds.